Map: Blackrock LE

Players

Krystianer

  • Race: Protoss Protoss
  • League: Grandmaster

Teamless (Solar) - Winner!

  • Race: Zerg Zerg
  • League: Master

VOD

Have the link to the VOD?

Description

Time

  • Played on: June 28, 2026, 1:07 p.m.
  • Length: 13:16
Show
View Real Time Build Order
Export as new Build Order

Krystianer Protoss 

Build Orders: Oracle Opening 

Get SALT Encoding   

  8  0:00  Probe (Chrono Boost)  
  9  0:12  Probe (Chrono Boost)  
  10  0:17  Probe (Chrono Boost)  
  11  0:26  Probe  
  12  0:33  Pylon  
  12  0:38  Probe  
  13  0:51  Probe  
  14  1:01  Gateway  
  14  1:03  Probe (Chrono Boost)  
  15  1:08  Assimilator  
  15  1:13  Probe (Chrono Boost)  
  16  1:18  Probe  
  17  1:31  Probe  
  18  1:43  Probe  
  19  1:47  Pylon  
  19  1:59  Nexus  
  19  2:07  Cybernetics Core  
  19  2:11  Probe  
  20  2:17  Assimilator  
  20  2:23  Probe  
  20  2:25  Zealot (Chrono Boost)  
  24  2:42  Gateway  
  24  2:44  Adept (Chrono Boost)  
  23  2:47  Probe  
  26  2:57  Pylon  
  26  3:01  Probe  
  27  3:09  Stargate  
  27  3:13  Adept (Chrono Boost)  
  30  3:21  Probe x2 (Chrono Boost)  
  31  3:27  Warp Gate  
  31  3:32  Probe (Chrono Boost)  
  33  3:34  Probe (Chrono Boost)  
  33  3:37  Probe (Chrono Boost)  
  34  3:43  Probe  
  35  3:48  Probe  
  35  3:52  Oracle (Chrono Boost)  
  40  3:55  Probe  
  40  3:57  Pylon  
  40  4:00  Probe  
  41  4:07  Probe  
  42  4:15  Probe  
  41  4:19  Probe  
  40  4:27  Oracle (Chrono Boost), Probe  
  44  4:32  Probe, Nexus  
  44  4:36  Pylon  
  45  4:39  Probe  
  45  4:43  Twilight Council  
  46  4:45  Probe  
  46  4:51  Probe  
  48  4:55  Gateway  
  48  4:59  Assimilator  
  48  5:01  Probe  
  48  5:03  Probe  
  50  5:13  Gateway x2  
  50  5:17  Stalker x2, Blink (Chrono Boost)  
  54  5:29  Probe, Gateway  
  54  5:30  Probe  
  56  5:38  Pylon  
  56  5:41  Probe  
  57  5:43  Probe (Chrono Boost)  
  57  5:44  Probe (Chrono Boost)  
  59  5:50  Shield Battery  
  59  5:55  Stalker x2  
  59  5:56  Stalker  
  66  5:58  Probe (Chrono Boost)  
  66  6:02  Probe (Chrono Boost)  
  66  6:03  Probe (Chrono Boost)  
  68  6:06  Probe (Chrono Boost)  
  68  6:08  Probe  
  68  6:09  Probe  
  71  6:17  Probe  
  72  6:20  Probe  
  72  6:21  Stalker x2  
  72  6:22  Pylon  
  72  6:24  Stalker  
  79  6:26  Pylon  
  79  6:36  Pylon  
  79  6:37  Assimilator  
  79  6:40  Probe  
  79  6:41  Probe x2  
  79  6:42  Zealot x2  
  86  6:53  Probe x3  
  86  6:54  Stalker x4  
  91  6:59  Pylon  
  97  7:05  Probe x2  
  95  7:08  Stalker  
  95  7:09  Stalker  
  95  7:14  Assimilator  
  100  7:17  Stalker x3, Assimilator  
  100  7:21  Forge, Probe  
  100  7:22  Probe  
  107  7:30  Zealot  
  107  7:33  Charge (Chrono Boost)  
  109  7:37  Gateway  
  109  7:38  Zealot  
  109  7:39  Gateway  
  109  7:40  Zealot  
  108  7:53  Zealot  
  108  8:07  Zealot, Protoss Ground Weapons Level 1 (Chrono Boost)  
  108  8:12  Pylon  
  110  8:14  Pylon  
  110  8:20  Pylon  
  110  8:21  Robotics Facility, Pylon  
  110  8:22  Templar Archives  
  110  8:26  Nexus  
  110  8:27  Pylon  
  110  8:30  Pylon  
  110  8:31  Probe  
  110  8:32  Probe x2  
  113  8:41  Zealot x2  
  113  8:42  Zealot x4  
  113  8:43  Probe  
  113  8:44  Probe  
  113  8:45  Zealot  
  113  8:47  Zealot  
  131  9:00  Pylon  
  131  9:02  Pylon  
  131  9:06  High Templar  
  131  9:07  High Templar x3, Zealot x3  
  139  9:13  Archon x2  
  135  9:17  Zealot  
  135  9:19  Probe  
  135  9:20  Probe  
  139  9:27  Probe  
  132  9:35  Warp Prism (Chrono Boost)  
  132  9:37  High Templar  
  132  9:38  High Templar x2  
  132  9:41  Probe x3  
  132  9:42  Psionic Storm  
  132  9:43  High Templar, Zealot x4  
  138  9:45  Probe  
  138  9:49  Archon x2  
  138  9:53  Probe x2  
  138  9:55  Pylon  
  138  9:56  Assimilator  
  138  9:57  Photon Cannon  
  138  9:58  Assimilator  
  138  9:59  Shield Battery  
  140  10:02  Probe x2  
  140  10:04  Observer  
  143  10:08  High Templar x4  
  143  10:13  Archon x2, Zealot x3  
  157  10:16  Protoss Ground Weapons Level 2 (Chrono Boost)  
  157  10:17  Probe  
  158  10:25  Pylon  
  158  10:35  Fleet Beacon  
  158  10:39  Zealot  
  158  10:40  Zealot x3  
  166  10:45  Zealot x3, Robotics Facility  
  166  10:49  Zealot  
  166  10:55  Probe  
  156  11:02  Zealot x4  
  156  11:03  Probe  
  151  11:06  Probe x2  
  151  11:09  Probe  
  151  11:10  Zealot x2  
  154  11:14  High Templar  
  154  11:15  High Templar, Probe  
  154  11:18  Probe  
  160  11:26  Zealot x4  
  162  11:35  Zealot x2  
  162  11:38  Probe  
  155  11:50  Zealot x6  
  155  11:52  Immortal (Chrono Boost)  
  155  11:58  Probe  
  155  12:00  Tempest (Chrono Boost)  
  160  12:03  Probe (Chrono Boost)  
  151  12:14  Stargate  
  155  12:17  High Templar x3, Stargate, Zealot x5  
  155  12:21  Archon  
  155  12:22  Immortal (Chrono Boost)  
  167  12:28  Probe  
  167  12:29  Probe  
  171  12:30  Probe  
  166  12:41  Zealot x5  
  150  12:53  Zealot x3  
  156  13:04  Zealot x5  
Show
View Real Time Build Order
Export as new Build Order

Teamless Zerg - Winner!

Build Orders: Pool First, Lurkers 

Get SALT Encoding   

  8  0:00  Drone  
  9  0:11  Drone  
  10  0:17  Drone  
  11  0:22  Drone  
  12  0:34  Overlord  
  12  0:37  Extractor  
  12  0:39  Drone  
  13  0:53  Drone x2  
  15  1:00  Drone  
  16  1:11  Spawning Pool  
  16  1:13  Drone  
  16  1:18  Drone  
  17  1:42  Overlord  
  17  1:58  Zergling x6  
  17  2:00  Queen  
  22  2:09  Drone  
  22  2:12  Extractor  
  22  2:14  Hatchery  
  21  2:19  Drone  
  22  2:28  Drone  
  23  2:35  Queen  
  25  2:38  Overlord  
  25  2:48  Drone  
  26  2:56  Drone  
  27  3:06  Drone  
  27  3:09  Hatchery  
  27  3:11  Drone  
  28  3:16  Drone x2  
  30  3:23  Metabolic Boost  
  30  3:30  Drone  
  30  3:31  Drone  
  33  3:34  Zergling x2  
  33  3:39  Drone  
  34  3:45  Queen  
  36  3:49  Overlord  
  36  3:52  Drone  
  36  3:54  Zergling x2  
  38  3:56  Drone  
  38  3:58  Drone  
  40  4:07  Queen  
  42  4:14  Drone x3, Spore Crawler  
  41  4:21  Drone x3  
  42  4:24  Drone  
  42  4:28  Drone  
  42  4:29  Drone  
  45  4:32  Drone  
  45  4:34  Overlord  
  45  4:37  Drone  
  47  4:40  Drone  
  48  4:46  Queen  
  48  4:48  Extractor  
  48  4:49  Drone  
  48  4:52  Drone  
  51  4:54  Drone x3  
  51  4:55  Drone  
  56  5:00  Spore Crawler, Drone  
  56  5:01  Drone  
  56  5:02  Drone  
  56  5:06  Spore Crawler  
  57  5:08  Drone x3  
  57  5:12  Overlord  
  60  5:17  Overlord  
  60  5:20  Overlord  
  60  5:31  Drone x8  
  60  5:35  Drone  
  69  5:36  Drone x5  
  69  5:41  Lair  
  72  5:43  Drone  
  72  5:47  Extractor  
  72  5:50  Hatchery  
  72  5:53  Extractor  
  70  6:00  Overlord  
  70  6:01  Drone x7  
  70  6:02  Evolution Chamber  
  76  6:06  Drone  
  76  6:07  Extractor  
  76  6:08  Zergling x4  
  76  6:10  Extractor  
  77  6:12  Zergling x6  
  77  6:14  Drone  
  77  6:15  Zergling x2  
  77  6:16  Zergling x2  
  83  6:24  Drone x2  
  85  6:25  Overlord  
  85  6:27  Zergling x10  
  85  6:28  Zergling x2  
  91  6:33  Overlord  
  91  6:38  Zergling x2  
  91  6:45  Zerg Missile Weapons Level 1, Hydralisk Den, Zergling x10  
  95  6:48  Overlord  
  95  6:53  Zergling x2  
  95  6:56  Overlord  
  95  6:57  Zergling x2  
  95  6:58  Zergling x8  
  97  7:02  Zergling x6  
  98  7:14  Overlord  
  98  7:15  Hydralisk x5  
  105  7:16  Grooved Spines  
  105  7:22  Hydralisk x3  
  107  7:23  Overseer  
  107  7:26  Drone  
  107  7:28  Infestation Pit, Hatchery  
  107  7:29  Drone x4  
  114  7:30  Extractor, Drone  
  114  7:31  Drone  
  114  7:34  Hydralisk  
  114  7:35  Hydralisk  
  119  7:38  Overlord  
  118  7:45  Hydralisk x3  
  123  7:54  Zergling x4  
  123  7:55  Infestation Pit  
  122  7:59  Hydralisk x4  
  122  8:01  Zergling x8  
  122  8:04  Hydralisk  
  131  8:07  Zergling x6  
  131  8:12  Zergling x2  
  134  8:19  Muscular Augments, Overlord x2  
  134  8:21  Drone  
  134  8:25  Drone  
  134  8:26  Drone x2, Lurker Den  
  137  8:31  Hive  
  137  8:32  Overlord, Extractor  
  136  8:34  Hydralisk  
  136  8:36  Extractor  
  136  8:37  Drone x4  
  136  8:42  Drone  
  136  8:45  Drone  
  136  8:46  Drone x2  
  136  8:47  Drone  
  136  8:48  Drone x2  
  143  8:50  Hydralisk x3  
  143  8:52  Zergling x2  
  143  8:55  Drone  
  151  8:56  Drone x2  
  151  8:59  Zerg Melee Weapons Level 1  
  151  9:00  Drone  
  151  9:03  Drone  
  151  9:05  Overlord  
  151  9:06  Drone x3  
  151  9:07  Drone  
  151  9:08  Drone  
  155  9:14  Overlord  
  155  9:15  Zergling x4  
  155  9:16  Spine Crawler  
  156  9:21  Hydralisk x3  
  156  9:22  Hydralisk  
  161  9:25  Hydralisk  
  160  9:34  Hydralisk x2  
  160  9:35  Zergling x12  
  166  9:44  Hatchery  
  166  9:45  Seismic Spines  
  164  9:46  Lurker x2  
  166  9:56  Lurker x4  
  166  9:58  Overlord, Spine Crawler  
  166  9:59  Overlord  
  169  10:01  Zergling x6  
  169  10:02  Zergling x2  
  169  10:03  Lurker  
  169  10:06  Queen  
  176  10:16  Overseer  
  176  10:20  Lurker x2  
  178  10:22  Hydralisk, Hatchery  
  178  10:25  Zergling x10  
  182  10:32  Hydralisk x2  
  185  10:36  Zergling x10  
  185  10:40  Drone x2  
  185  10:42  Adaptive Talons, Lurker  
  189  10:44  Zergling x6  
  189  10:45  Zergling x4  
  188  10:52  Zerg Missile Weapons Level 2  
  188  10:54  Hydralisk x2  
  188  10:55  Zergling x4  
  189  10:59  Zergling x10  
  189  11:02  Hydralisk  
  196  11:08  Hydralisk x3  
  190  11:14  Hydralisk x3  
  190  11:16  Hydralisk  
  190  11:17  Hydralisk  
  195  11:20  Hydralisk  
  195  11:21  Hydralisk  
  195  11:23  Unknown  
  195  11:24  Hydralisk  
  195  11:25  Zergling x2  
  192  11:28  Hydralisk  
  177  11:35  Hydralisk x3  
  177  11:39  Zergling x6  
  177  11:42  Zergling x4  
  172  11:47  Hydralisk x2  
  176  11:55  Hydralisk x3  
  176  12:00  Hydralisk  
  182  12:03  Hydralisk  
  182  12:05  Lurker  
  182  12:06  Lurker  
  182  12:07  Zergling x4  
  182  12:08  Zergling x2  
  185  12:12  Zergling x4  
  182  12:16  Zergling x2  
  182  12:17  Zergling x12  
  182  12:19  Lurker  
  182  12:20  Lurker, Zergling x2  
  189  12:32  Zergling x22  
  189  12:34  Overseer  
  188  12:41  Hydralisk x5  
  182  12:48  Hydralisk x4  
  187  12:55  Zergling x2  
  187  12:56  Zergling x14  
Tags
 
Add a new tag
Caveats
  • Supply blocks, unpowered buildings, or Contaminate may cause inaccurate times.
  • Supply counts are checked every 10 seconds.